 Dungeon Crawl Stone Soup version 0.31-a0-875-g02e7d12df6 (webtiles) character file.

Game seed: 1840874840669096606

1281 Arex the Trooper (level 8, -24/65 HPs)
             Began as a Demonspawn Monk on Oct 12, 2023.
             Was a Believer of Ashenzari.
             Killed from afar by an acid dragon (29 damage)
             ... with a splash of acid
             ... on level 6 of the Dungeon.
             The game lasted 00:08:57 (4986 turns).

Arex the Trooper (Demonspawn Monk)                  Turns: 4986, Time: 00:08:58

Health: -24/65     AC: 16    Str: 14    XL:     8   Next: 29%
Magic:  8/8        EV: 13    Int: 12    God:    Ashenzari [**....]
Gold:   255        SH:  4    Dex: 15    Spells: 7/7 levels left

rFire   . . .        h - +0 trident "Share My Burden" {Alch, Elem} (curse)
rCold   . . .        d - orb of Desmomancy {light, Alch, Comp} (curse)
rNeg    . . .        s - +3 leather armour {Will+}
rPois   .            (no helmet)
rElec   .            (no cloak)
rCorr   .            p - +0 pair of gloves
SInv    +            e - +0 pair of boots of Star-Bound Wisdom {Range, Dev} (curse)
Will    +....        (no amulet)
Stlth   +            (no ring)
HPRegen 0.30/turn    (no ring)
MPRegen 0.11/turn

%: no passive effects
@: corroded, sanguine armoured, glowing
A: icemail 1, sanguine armour 3, condensation shield, demonic touch 1
a: Renounce Religion, Shatter the Chains


You were on level 6 of the Dungeon.
You worshipped Ashenzari.
Ashenzari was pleased with you.
You visited 1 branch of the dungeon, and saw 6 of its levels.

You collected 255 gold pieces.

Inventory:

Hand Weapons
 a - a +0 spear
 h - the cursed +0 trident "Share My Burden" (weapon) {Alch, Elem}
   (You found it on level 3 of the Dungeon)

   It has a curse which improves the following skills: Alchemy: Poison Magic and
   Transmutations.
   Elements:  Fire Magic, Ice Magic, Air Magic and Earth Magic.
Armour
 b - a +0 robe
 d - the cursed orb of Desmomancy (worn) {light, Alch, Comp}

   It has a curse which improves the following skills: Alchemy: Poison Magic and
   Transmutations.
   Companions: Summonings and Necromancy.
 e - the cursed +0 pair of boots of Star-Bound Wisdom (worn) {Range, Dev}
   (You found it on level 1 of the Dungeon)

   It has a curse which improves the following skills: Ranged Combat: Ranged
   Weapons and Throwing.
   Devices:   Evocations and Shapeshifting.
 p - a +0 pair of gloves (worn)
 q - a +0 chain mail
 s - a +3 leather armour of willpower (worn)
 w - a +0 plate armour
 A - a +0 pair of gloves
Wands
 r - a wand of polymorph (23)
 y - a wand of light (6)
Scrolls
 i - 3 scrolls of poison
 j - 2 scrolls of immolation
 l - a scroll of noise
 n - 3 scrolls of fear
 o - a scroll of revelation
 t - a scroll of butterflies
 u - a scroll of teleportation
 x - 2 scrolls of identify
 B - 2 scrolls of vulnerability
Potions
 c - a potion of ambrosia
 f - a potion of degeneration
 g - a potion of resistance
 k - a potion of cancellation
 m - 4 potions of curing
 v - a potion of heal wounds
 z - a potion of invisibility
 C - a potion of attraction


   Skills:
 + Level 6.3 Fighting
 + Level 5.7 Polearms
 + Level 4.2 Armour
 - Level 3.6 Dodging
 + Level 2.4(3.4) Evocations


You had 7 spell levels left.
You didn't know any spells.
Your spell library contained the following spells:

 Spells                   Type           Power      Damage    Failure   Level
 Freeze                   Ice            0%         1d3       36%         1
 Sandblast                Erth           0%         2d4       36%         1
 Wereblood                Tmut           0%         N/A       50%         2
 Passwall                 Tmut/Erth      0%         N/A       52%         2
 Sublimation of Blood     Necr           0%         N/A       52%         2
 Frozen Ramparts          Ice            0%         1d1       75%         3
 Hailstorm                Conj/Ice       0%         3d3       77%         3
 Stone Arrow              Conj/Erth      0%         3d7       77%         3
 Animate Dead             Necr           0%         N/A       98%         4
 Summon Ice Beast         Ice/Summ       0%         N/A       98%         4
 Brom's Barrelling Bould  Conj/Erth      0%         2d3       99%         4
 Borgnjor's Vile Clutch   Necr/Erth      0%         N/A       100%        5
 Summon Mana Viper        Hex/Summ       0%         N/A       100%        5
 Death Channel            Necr           0%         N/A       100%        6
 Monstrous Menagerie      Summ           0%         N/A       100%        7
 Summon Hydra             Summ           0%         N/A       100%        7


Dungeon Overview and Level Annotations

Branches:
Dungeon (6/15)             Temple (0/1) D:5

Altars:
Ashenzari
Trog
Vehumet
Yredelemnul

Shops:
D:5 [   D:6 [

Annotations:
D:6 1 runed translucent door, deremet's ghost, novice GnDe


Innate Abilities, Weirdness & Mutations

A meltable icy envelope protects you from harm. (AC +4)
When seriously injured, your blood forms very thick armour. (AC +12)
A meltable shield of frost defends you. (SH +4)
Your touch may inflict minor irresistible damage on your foes.


Message History

You are too injured to fight recklessly!
You are too injured to fight recklessly!
You are too injured to fight recklessly!
You are too injured to fight recklessly!
You are too injured to fight recklessly!
You are too injured to fight recklessly!
You are too injured to fight recklessly!
You are too injured to fight recklessly!
You are too injured to fight recklessly!
You are too injured to fight recklessly!
You are too injured to fight recklessly!
You are too injured to fight recklessly!
You are too injured to fight recklessly!
You are too injured to fight recklessly!
You are too injured to fight recklessly!
You are too injured to fight recklessly!
You are too injured to fight recklessly!
You hit the acid dragon but do no damage.
The acid dragon is heavily wounded.
You block the acid dragon's attack. The acid dragon closely misses you.
You hit the acid dragon but do no damage.
The acid dragon is heavily wounded.
You block the acid dragon's attack.
The acid dragon claws you but does no damage.
You hit the acid dragon.
The acid dragon is heavily wounded.
The acid dragon spits acid at you. The splash of acid hits you!!
* * * LOW HITPOINT WARNING * * *
The acid corrodes you!
You hit the acid dragon but do no damage.
The acid dragon is heavily wounded.
The acid dragon bites you!
* * * LOW HITPOINT WARNING * * *
The acid dragon claws you but does no damage.
You hit the acid dragon.
The acid dragon is severely wounded.
The acid dragon spits acid at you. The splash of acid hits you!!
You die...

#...##... #..##..!.
.###..+W..♣. .....##..?.
#....##... # #.....##⌠#
#. #######......###
#.#.#.###...............
......D@.######....#....
....##.....?..#....###..
# #........#....# ###
#........#....#
#........#....#
#........#....#
#.......>####.#
#........# #.# #.#


You could see an acid dragon (catching breath).

Vanquished Creatures
  A black bear (D:5)
  An ice beast (D:5)
  3 ogres
  3 scorpions
  2 jellies
  2 hounds (D:5)
  3 orc priests
  2 sleepcaps (D:4)
  Jessica (D:3)
  Natasha (thrice) (D:3)
  2 orc wizards (D:6)
  12 adders
  5 dart slugs
  19 orcs
  9 endoplasms
  4 giant cockroaches
  6 goblins
  10 hobgoblins
  A jackal (D:4)
  5 quokkas
  10 ball pythons
  6 bats
  4 frilled lizards
  11 kobolds
  8 rats
133 creatures vanquished.

Notes
Turn   | Place    | Note
-------+----------+-------------------------------------------
     0 | D:1      | Arex the Demonspawn Monk began the quest for the Orb.
     0 | D:1      | Reached XP level 1. HP: 18/18 MP: 1/1
   142 | D:1      | Gained mutation: When seriously injured, your blood forms
                  | armour. (AC +12) [demonic ancestry]
   142 | D:1      | Reached XP level 2. HP: 24/24 MP: 2/2
   441 | D:1      | Gained mutation: A meltable shield of frost defends you.
                  | (SH +4) [demonic ancestry]
   441 | D:1      | Reached XP level 3. HP: 26/29 MP: 3/3
  1613 | D:3      | Noticed Jessica
  1618 | D:3      | Killed Jessica
  1619 | D:3      | Reached XP level 4. HP: 37/37 MP: 4/4
  1668 | D:3      | Found a radiant altar of Vehumet.
  1777 | D:3      | Reached skill level 4 in Fighting
  1921 | D:3      | Gained mutation: When seriously injured, your blood forms
                  | thick armour. (AC +12) [demonic ancestry]
  1921 | D:3      | Reached XP level 5. HP: 33/42 MP: 5/5
  2108 | D:3      | Noticed Natasha
  2136 | D:3      | Killed Natasha
  2137 | D:3      | Reached skill level 1 in Armour
  2244 | D:3      | Found a faded altar of an unknown god.
  2370 | D:3      | Noticed Natasha
  2391 | D:3      | Killed Natasha
  2574 | D:3      | Noticed Natasha
  2588 | D:3      | Killed Natasha
  2589 | D:3      | Gained mutation: A meltable icy envelope protects you from
                  | harm. (AC +4) [demonic ancestry]
  2589 | D:3      | Reached XP level 6. HP: 48/49 MP: 6/6
  3010 | D:4      | Reached skill level 5 in Fighting
  3129 | D:4      | Found a basalt altar of Yredelemnul.
  3131 | D:4      | Found a broken altar of Ashenzari.
  3141 | D:4      | Became a worshipper of Ashenzari the Shackled
  3272 | D:4      | Reached * piety under Ashenzari
  3347 | D:4      | Gained mutation: When seriously injured, your blood forms
                  | very thick armour. (AC +12) [demonic ancestry]
  3347 | D:4      | Reached XP level 7. HP: 56/56 MP: 7/7
  3695 | D:5      | Entered Level 5 of the Dungeon
  3707 | D:5      | Reached skill level 5 in Polearms
  3961 | D:5      | Reached skill level 1 in Evocations
  4114 | D:5      | Found Jar Vyut's Armour Shoppe.
  4231 | D:5      | Reached skill level 6 in Fighting
  4474 | D:5      | Found a staircase to the Ecumenical Temple.
  4499 | D:5      | Gained mutation: Your touch may inflict minor irresistible
                  | damage on your foes. [demonic ancestry]
  4499 | D:5      | Reached XP level 8. HP: 59/64 MP: 8/8
  4773 | D:6      | Reached ** piety under Ashenzari
  4905 | D:6      | Found a bloodstained altar of Trog.
  4921 | D:6      | Found Yquum's Armour Shoppe.
  4938 | D:6      | Noticed deremet's ghost (novice GnDe)
  4941 | D:6      | Found a runed translucent door.
  4986 | D:6      | Killed from afar by an acid dragon

Illustrated notes

Levels and vault maps discovered:
D:1:      dpeg_arrival_water_temple_mockup, layout_rooms
D:2:      layout_loops_ring, serial_forest, infiniplex_forest_clump_medium,
          infiniplex_forest_lined_3_way, infiniplex_forest_lined_room_2,
          infiniplex_forest_end_2
D:3:      layout_rooms, vehumet_crystals, chequers_ecumenical_altar_island,
          uniq_jessica, uniq_natasha
D:4:      minmay_octagon_keep, layout_basic,
          chequers_temple_overflow_statue_of_worship, minmay_misc_feat_enclosed
D:5:      layout_loops_ring, temple_statues, serial_shops,
          nicolae_shop_rolling_square
D:6:      layout_basic, bloody_trog, serial_shops, shop,
          hellmonk_ghost_happy_afterlife, hangedman_decor_slide_cut,
          roderic_roman_lattice

Skill      XL: |  1  2  3  4  5  6  7  8 |
---------------+-------------------------+-----
Polearms       | 3 4 5 |  5.7
Dodging        | 3 |  3.6
Fighting       | 4 5 6 |  6.3
Armour         | 1 2 3 4 |  4.2
Evocations     | 1 2 |  2.4

Action                     |  1- 3 |  4- 6 |  7- 9 || total
---------------------------+-------+-------+-------++-------
  Melee: Spear             |   141 |   154 |       ||   295
         Trident           |       |   107 |   156 ||   263
 Invoke: Curse Item        |       |     2 |     1 ||     3
  Evoke: Wand              |       |       |     1 ||     1
    Use: Scroll            |     1 |     4 |       ||     5
 Armour: Robe              |    45 |     7 |       ||    52
         Chain mail        |       |    16 |       ||    16
         Leather armour    |       |   117 |    85 ||   202
  Dodge: Dodged            |    57 |   152 |    97 ||   306
  Block: Orb               |    10 |    44 |    29 ||    83

Table legend: (Time is in decaauts)
 A = Elapsed time spent in this place.
 B = Non-inter-level travel time spent in this place.
 C = Inter-level travel time spent in this place.
 D = Time resting spent in this place.
 E = Time spent auto-exploring this place.
 F = Levels seen in this place.
 G = Mean time per level.
                   A        B        C        D        E       F      G
               +--------+--------+--------+--------+--------+-----+--------+
         Total |   4994 |   4856 |    138 |    483 |   3334 |   6 |  832.3 |
       Dungeon |   4994 |   4856 |    138 |    483 |   3334 |   6 |  832.3 |
               +--------+--------+--------+--------+--------+-----+--------+

Top non-repeatable levels by time:
     D:5: 1039 daAuts
     D:2: 1035 daAuts
     D:3: 1018 daAuts
     D:4: 1009 daAuts
     D:1: 635 daAuts
     D:6: 255 daAuts
